cohdb
Replays
Latest Replays
All Replays
Popular Replays
Top Player Replays
Match Explorer
How It Works
Community
CoH3 Stats
Reddit
Sign in to upload your games and track your stats! →
Sign in with Steam
Match 46001977
Unlisted
Match 46001977
Overview
Messages
Build Orders
End
Construct Weapon Support Center
M1919 Machine Gun Team
Engineer Squad
Engineer Squad
Selects Special Operations Battlegroup
Selects Special Operations Battlegroup
Selects M29 Weasel Recon Vehicle
Construct Barracks
Bazooka Squad
Improved M9 Bazooka Rockets
Bazooka Squad
.30 cal Machine Gun
Selects Raiding Flares
M1 Mortar Team
Raiding Flares
Construct Medical Station
Selects SSF Commando Squad
SSF Commando Squad
Raiding Flares
SSF Commando Squad
SSF Commando Squad
SSF Commando Squad
Infantry Support Center
Selects Mark Vehicle
Raiding Flares
SSF Commando Squad
Raiding Flares
SSF Commando Squad
Selects M4A1 Sherman Whizbang
IMPLACÁVEL
Fajolada
0
0
Comments
sign in to comment!
No comments posted yet!